 Dungeon Crawl Stone Soup version 0.19-a0-1803-g97ff39f (webtiles) character file.

4908 Naow the Severer (level 10, -17/83 (84) HPs)
             Began as a Minotaur Berserker on Oct 5, 2016.
             Was an Elder of Trog.
             Demolished by a red ugly thing (19 damage)
             ... on level 9 of the Dungeon.
             The game lasted 00:13:47 (7103 turns).

Naow the Severer (Minotaur Berserker)               Turns: 7103, Time: 00:13:48

HP:   -17/83 (84)   AC: 16    Str: 21    XL:     10   Next: 27%
MP:   9/9           EV:  7    Int:  7    God:    Trog [****..]
Gold: 194           SH:  7    Dex: 11    Spells: 0 memorised, 9 levels left

rFire  . . .     SeeInvis .     a - +0 hand axe
rCold  + . .     Gourm    .     F - +0 chain mail
rNeg   . . .     Faith    .     N - +0 shield
rPois  .         Spirit   .     (helmet restricted)
rElec  +         Dismiss  .     G - +0 cloak of Henotheism {rElec rC+ Stlth+} (curse)
rCorr  .         Reflect  .     (no gloves)
MR     ++...     Harm     .     W - +0 pair of boots
Stlth  ..........               K - amulet of magic regeneration
                                R - +2 ring of evasion
                                g - +5 ring of protection

@: regenerating
A: retaliatory headbutt, horns 2
a: Berserk, Trog's Hand, Brothers in Arms, Burn Spellbooks, Renounce Religion


You were on level 9 of the Dungeon.
You worshipped Trog.
Trog was greatly pleased with you.
You were near starving.

You visited 1 branch of the dungeon, and saw 9 of its levels.

You collected 493 gold pieces.
You spent 299 gold pieces at shops.

Inventory:

Hand Weapons
 a - a +0 hand axe (weapon)
Armour
 b - a +0 animal skin
 l - a +0 cloak
 s - a +0 cloak
 F - a +0 chain mail (worn)
 G - the cursed +0 cloak of Henotheism (worn) {rElec rC+ Stlth+}
   (You bought it in a shop on level 6 of the Dungeon)

   It protects you from cold.
   It insulates you from electricity.
   It makes you more stealthy.
   It has a curse placed upon it.
 N - a +0 shield (worn)
 V - the +1 leather armour of Ujetun {Regen+ Str+2 SInv Stlth-, unknown}
   (You found it on level 8 of the Dungeon)

   It affects your strength (+2).
   It lets you see invisible.
   It increases your rate of regeneration.
   It makes you less stealthy.
 W - a +0 pair of boots (worn)
Jewellery
 g - a +5 ring of protection (left hand)
 x - a +3 ring of dexterity
 K - an amulet of magic regeneration (around neck)
 R - a +2 ring of evasion (right hand)
Wands
 y - a wand of flame (18/48)
 A - a wand of polymorph (16/24)
 I - a wand of flame (16/48)
 P - a wand of polymorph (10/24)
 Q - a wand of flame (14/48)
Scrolls
 d - a scroll of blinking {unknown}
 h - 8 scrolls of identify {unknown}
 k - 9 scrolls of teleportation
 m - 2 scrolls of magic mapping {unknown}
 n - a scroll of enchant weapon {unknown}
 t - 2 scrolls of fear {unknown}
 u - a scroll of fog {unknown}
 w - 2 scrolls of immolation {unknown}
 C - a scroll of silence {unknown}
 D - a scroll of recharging {unknown}
 E - 3 scrolls of remove curse {unknown}
 M - a scroll of random uselessness {unknown}
 S - a scroll of amnesia {unknown}
Potions
 e - 2 potions of lignification {unknown}
 j - 3 potions of might {unknown}
 p - 2 potions of flight {unknown}
 q - 2 potions of agility
 r - 2 potions of berserk rage {unknown}
 v - 5 potions of degeneration {unknown}
 z - a potion of haste {unknown}
 B - a potion of brilliance {unknown}
 H - 2 potions of curing {unknown}
 L - a potion of ambrosia {unknown}
 O - 2 potions of invisibility {unknown}
Books
 J - a book of Party Tricks

   Spells                             Type                      Level
   a - Summon Butterflies             Summoning                    1
   b - Apportation                    Translocation                1
   c - Lesser Beckoning               Translocation                3
   d - Tukima's Dance                 Hexes                        3
   e - Alistair's Intoxication        Transmutation/Poison         5
   f - Invisibility                   Hexes                        6
   Trog disapproves of the use of such an item.
 T - a book of Minor Magic

   Spells                             Type                      Level
   a - Magic Dart                     Conjuration                  1
   b - Blink                          Translocation                2
   c - Call Imp                       Summoning                    2
   d - Repel Missiles                 Charms/Air                   2
   e - Slow                           Hexes                        2
   f - Conjure Flame                  Conjuration/Fire             3
   g - Mephitic Cloud                 Conjuration/Poison/Air       3
   Trog disapproves of the use of such an item.
Comestibles
 c - 6 bread rations
 f - 4 beef jerkies
 i - 2 meat rations
 o - a slice of pizza
 U - 10 royal jellies


   Skills:
 + Level 6.4 Fighting
 - Level 16.4 Axes
 - Level 2.4 Armour
 - Level 2.1 Dodging


You had 9 spell levels left.
You didn't know any spells.

Dungeon Overview and Level Annotations

Branches:
Dungeon (9/15)             Temple (0/1) D:5
   Lair: D:8-11         Orc: D:9-12

Altars:
Elyvilon
Fedhas
Nemelex Xobeh
Jiyva

Shops:
D:4 (   D:5 *   D:6 [


Innate Abilities, Weirdness & Mutations

You reflexively headbutt those who attack you in melee.
You have a pair of horns on your head.


Message History

The red ugly thing barely misses you.
You closely miss the red ugly thing. You headbutt the red ugly thing.
The red ugly thing is almost dead.
The red ugly thing claws you.
You are engulfed in flames!
Your skin crawls.
You feel resistant to hostile enchantments.
You are near starving!
The red ugly thing claws you but does no damage.
You closely miss the red ugly thing.
The red ugly thing is almost dead.
Your shield and chain mail prevent you from hitting the red ugly thing.
The red ugly thing is almost dead.
The red ugly thing claws you!
* * * LOW HITPOINT WARNING * * *
You are engulfed in flames!
* * * LOW HITPOINT WARNING * * *
You fail to use your ability.
The red ugly thing claws you.
* * * LOW HITPOINT WARNING * * *
You are engulfed in flames!!
You die...

# #.
.###..####
.....Yu@.#
#####.##.#
# #.# #.#
#.# #.#
#.# #.#
####.####


You could see a red ugly thing and a yak.

Vanquished Creatures
  A troll (D:8)
  A hornet (D:8)
  2 hippogriffs
  2 yaks (D:9)
  Eustachio (D:6)
  A water moccasin (D:7)
  An ice beast (D:6)
  3 sky beasts
  Duvessa (D:5)
  An orc warrior (D:6)
  A necrophage (D:8)
  2 phantoms
  4 ogres
  A centaur (D:6)
  A crocodile (D:8)
  The ghost of cortexin the Ducker, an amateur SpAK of Lugonu (D:3)
  A big kobold (D:7)
  3 bullfrogs
  Dowan (D:5)
  4 scorpions
  9 killer bees
  5 wights (D:6)
  A crimson imp (D:5)
  A howler monkey (D:4)
  A centaur zombie (D:8)
  5 jellies
  Crazy Yiuf (D:2)
  3 hounds
  An orc priest (D:8)
  4 orc wizards
  Jessica (D:2)
  5 iguanas
  4 worker ants
  A killer bee zombie (D:6)
  A hound skeleton (D:7)
  Robin (D:2)
  A howler monkey zombie (D:8)
  3 gnolls (D:6)
  7 adders
  A shadow imp (D:6)
  5 oozes (D:8)
  2 adder zombies (D:6)
  An adder skeleton (D:6)
  3 worms
  3 dart slugs
  4 leopard geckos
  20 orcs
  A ball python (D:2)
  6 bats
  A giant cockroach (D:6)
  17 goblins
  11 hobgoblins
  10 jackals
  10 kobolds
  4 quokkas
  8 frilled lizards
  A quokka skeleton (D:4)
  2 quokka zombies
  8 rats
206 creatures vanquished.

Vanquished Creatures (others)
  A plant (D:5)
1 creature vanquished.

Grand Total: 207 creatures vanquished

Notes
Turn   | Place    | Note
-------+----------+-------------------------------------------
     0 | D:1      | Naow the Minotaur Berserker began the quest for the Orb.
     0 | D:1      | Reached XP level 1. HP: 19/19 MP: 0/0
    46 | D:1      | Reached skill level 4 in Axes
   114 | D:1      | Reached XP level 2. HP: 24/27 MP: 1/1
   478 | D:1      | Reached ** piety under Trog
   480 | D:1      | Reached skill level 5 in Axes
   612 | D:1      | Reached XP level 3. HP: 33/33 MP: 2/2
   690 | D:2      | Found a sparkling altar of Nemelex Xobeh.
  1050 | D:2      | Noticed Robin
  1063 | D:2      | Killed Robin
  1063 | D:2      | Reached XP level 4. HP: 33/40 MP: 3/3
  1105 | D:2      | Found a blossoming altar of Fedhas.
  1140 | D:2      | Noticed Jessica
  1148 | D:2      | Killed Jessica
  1148 | D:2      | Reached skill level 6 in Axes
  1565 | D:2      | Found a runed door.
  1663 | D:2      | Noticed Crazy Yiuf
  1666 | D:2      | Killed Crazy Yiuf
  1666 | D:2      | Reached skill level 7 in Axes
  1666 | D:2      | Reached XP level 5. HP: 44/46 MP: 4/4
  1991 | D:3      | Reached *** piety under Trog
  2014 | D:3      | Noticed cortexin's ghost (amateur SpAK)
  2028 | D:3      | Killed cortexin's ghost
  2469 | D:4      | Reached skill level 8 in Axes
  2469 | D:4      | Reached XP level 6. HP: 30/52 MP: 5/5
  2755 | D:4      | Found a white marble altar of Elyvilon.
  2859 | D:4      | Found Xikhly's Weapon Shop.
  3010 | D:5      | Entered Level 5 of the Dungeon
  3010 | D:5      | Noticed a sky beast
  3016 | D:5      | Killed a sky beast
  3016 | D:5      | Reached skill level 9 in Axes
  3035 | D:5      | Noticed Dowan
  3036 | D:5      | Noticed Duvessa
  3043 | D:5      | Reached XP level 7. HP: 58/58 MP: 6/6
  3048 | D:5      | Killed Duvessa
  3048 | D:5      | Reached skill level 10 in Axes
  3052 | D:5      | Killed Dowan
  3201 | D:5      | Reached skill level 11 in Axes
  3364 | D:5      | Reached **** piety under Trog
  3411 | D:5      | Found Ginetuebb's General Store.
  3414 | D:5      | Bought a scroll of teleportation for 33 gold pieces
  3427 | D:5      | Found a staircase to the Ecumenical Temple.
  3831 | D:6      | Noticed Eustachio
  3839 | D:6      | Reached XP level 8. HP: 66/66 MP: 7/7
  3844 | D:6      | Killed Eustachio
  3911 | D:6      | Found Emniklos's Antique Armour Emporium.
  3915 | D:6      | Bought a pitted cloak for 266 gold pieces
  3925 | D:6      | Identified the cursed +0 cloak of Henotheism {rElec rC+ Stlth+} (You bought it in a shop on level 6 of the Dungeon)
  4029 | D:6      | Reached skill level 12 in Axes
  4391 | D:6      | Reached skill level 13 in Axes
  4603 | D:6      | Received a gift from Trog
  4856 | D:6      | Reached XP level 9. HP: 71/71 MP: 8/8
  4951 | D:6      | Reached skill level 14 in Axes
  5809 | D:7      | Reached skill level 15 in Axes
  6341 | D:8      | Reached skill level 16 in Axes
  6613 | D:8      | Noticed a troll
  6621 | D:8      | Killed a troll
  6621 | D:8      | Reached XP level 10. HP: 77/77 MP: 9/9
  6798 | D:8      | Found a viscous altar of Jiyva.
  6882 | D:8      | Reached skill level 5 in Fighting
  6978 | D:8      | Got a distressingly furry leather armour
  7053 | D:9      | Noticed a red ugly thing
  7084 | D:9      | Reached ***** piety under Trog
  7102 | D:9      | HP: 2/83 [red ugly thing (14)]
  7103 | D:9      | Demolished by a red ugly thing

Vault maps used:
D:1:      zelgadis_glass_arrival_small
D:2:      fedhas_altar_1, nicolae_overflow_hidden_temple, uniq_robin,
          uniq_jessica, uniq_crazy_yiuf_cottage
D:3:      lemuel_upstairs_altar
D:4:      elyvilon_altar_3, first_bread, serial_shops, kennysheep_mini_moat
D:5:      serial_bayou, serial_bayou_lake_a, serial_bayou_pond_a,
          serial_bayou_pond_a, serial_bayou_pond_d, serial_shops,
          nicolae_shop_behind_doors, uniq_duvessa
D:6:      serial_shops, shop, kennysheep_generic_room_12, uniq_eustachio
D:8:      hangedman_little_slice_of_home
D:9:      grunt_temple_overflow_open, serial_aquarium,
          aquarium_bridge_island_small, aquarium_bridge_square,
          aquarium_window_corridor_3, aquarium_window_2, aquarium_window_1,
          aquarium_view_2e, aquarium_view_2c, cheibrodos_ashenzari_chains

Skill      XL: |  1  2  3  4  5  6  7  8  9 10 |
---------------+-------------------------------+-----
Axes           | 4 5 7 8 9 11 13 16 | 16.4
Fighting       | 6 |  6.4
Armour         | |  2.4
Dodging        | |  2.1

Action                   |  1- 3 |  4- 6 |  7- 9 | 10-12 || total
-------------------------+-------+-------+-------+-------++-------
Melee: Hand axe          |    80 |   128 |   430 |   108 ||   746
       Headbutt          |    12 |    24 |    84 |    27 ||   147
Invok: Berserk           |     2 |     2 |     8 |       ||    12
       Trog's Hand       |     1 |       |     6 |     1 ||     8
  Eat: Chunk             |     1 |     9 |    18 |     2 ||    30
       Pizza             |       |       |     1 |       ||     1
       Beef jerky        |       |       |     1 |       ||     1
       Fruit             |       |       |     1 |       ||     1
Armor: Animal skin       |    18 |    36 |    17 |       ||    71
       Chain mail        |       |       |   169 |    31 ||   200
Dodge: Dodged            |    60 |    60 |   126 |    14 ||   260
Block: Shield            |       |       |    23 |    24 ||    47
